 Dungeon Crawl Stone Soup version 0.29-a0-555-g3b24f45cc1 (webtiles) character file.

Game seed: 772483680576108613

145 oldriver the Purveyor of Pain (level 5, 0/41 HPs)
             Began as a Ghoul Necromancer on June 7, 2022.
             Was an Initiate of Kikubaaqudgha.
             Slain by Pargi (7 damage)
             ... on level 3 of the Dungeon.
             The game lasted 00:05:06 (3658 turns).

oldriver the Purveyor of Pain (Ghoul Necromancer)   Turns: 3658, Time: 00:05:07

Health: 0/41       AC:  2    Str: 12    XL:     5   Next: 27%
Magic:  5/8        EV: 12    Int: 12    God:    Kikubaaqudgha [......]
Gold:   239        SH:  0    Dex:  9    Spells: 6/10 levels left

rFire   . . .      SeeInvis .   (no weapon)
rCold   + . .      Faith    .   (no shield)
rNeg    + + +      Spirit   .   a - +0 robe
rPois   ∞          Reflect  .   (no helmet)
rElec   .          Harm     .   (no cloak)
rCorr   .          Rampage  .   (no gloves)
Will    .....                   (no boots)
Stlth   ++........              (no amulet)
HPRegen 0.00/turn               (no ring)
MPRegen 0.11/turn               (no ring)

@: inhibited regen
A: claws 1, cold resistance 1, negative energy resistance 3, inhibited
regeneration, torment resistance 2, devour on kill
a: Renounce Religion


You were on level 3 of the Dungeon.
You worshipped Kikubaaqudgha.
Kikubaaqudgha was noncommittal.
You visited 1 branch of the dungeon, and saw 3 of its levels.

You collected 239 gold pieces.

Inventory:

Armour
 a - a +0 robe (worn)
Jewellery
 k - a ring of see invisible
Wands
 r - a wand of polymorph (8)
Scrolls
 c - a scroll of noise {unknown}
 d - 5 scrolls of identify {unknown}
 e - a scroll of acquirement {unknown}
 f - a scroll of poison {unknown}
 h - 3 scrolls of silence {unknown}
 i - a scroll of teleportation {unknown}
 m - a scroll of enchant weapon {unknown}
 o - a scroll of blinking {unknown}
 p - a scroll of magic mapping {unknown}
Potions
 b - 2 potions of magic
 j - 4 potions of curing
 n - a potion of might {unknown}
 q - a potion of invisibility {unknown}


   Skills:
 + Level 1.8 Fighting
 + Level 2.4 Dodging
 + Level 3.2 Stealth
 * Level 3.0 Spellcasting
 + Level 4.4 Necromancy


You had 6 spell levels left.
You knew the following spells:

 Your Spells              Type           Power      Damage    Failure   Level
a - Necrotize             Necr           48%        1d6       4%          1
b - Vampiric Draining     Necr           12%        2d6       12%         3

Your spell library contained the following spells:

 Spells                   Type           Power      Damage    Failure   Level
 Apportation              Tloc           2%         N/A       24%         1
 Summon Small Mammal      Summ           4%         N/A       24%         1
 Animate Dead             Necr           12%        N/A       36%         4
 Call Canine Familiar     Summ           1%         N/A       58%         3
 Summon Guardian Golem    Hex/Summ       1%         N/A       58%         3
 Agony                    Necr           12%        N/A       73%         5


Dungeon Overview and Level Annotations

Branches:
Dungeon (3/15)

Altars:
Ashenzari
Kikubaaqudgha

Annotations:
D:3 Pargi


Innate Abilities, Weirdness & Mutations

You are immune to poison.
You have sharp fingernails.
Your flesh is cold resistant. (rC+)
You are immune to negative energy. (rN+++)
You do not regenerate when monsters are visible.
You are immune to unholy pain and torment.
You thrive by killing the living.


Message History

Pargi bites you! Pargi barely misses you. x2
You barely miss Pargi.
Pargi is heavily wounded.
Pargi bites you. Pargi claws you but does no damage. Pargi closely misses you.
It was a potion of curing.
You feel better. Pargi bites you. Pargi claws you. Pargi barely misses you.
Okay, then.
You are too injured to fight recklessly!
Casting: Necrotize (safe; 4% risk of failure)
Confirm with . or Enter, or press ? or * to list all spells.
Aiming: Necrotize (safe; 4% risk of failure)
Press: ? - help, Shift-Dir - straight line, f/p - Pargi
Aim: Pargi (heavily wounded, chance to affect: 75%)
Okay, then.
It was a potion of attraction.
You feel attractive to monsters. Pargi bites you.
* * * LOW HITPOINT WARNING * * *
Pargi claws you but does no damage. Pargi closely misses you.
It was a potion of cancellation.
Your magical effects are unravelling.
You feel magically purged. Pargi bites you.
* * * LOW HITPOINT WARNING * * *
Pargi claws you.
* * * LOW HITPOINT WARNING * * *
Pargi claws you.
* * * LOW HITPOINT WARNING * * *
You feel less attractive to monsters. Magic courses through your body.
Pargi closely misses you. Pargi claws you but does no damage. Pargi claws you.
* * * LOW HITPOINT WARNING * * *
Casting: Necrotize (safe; 4% risk of failure)
Confirm with . or Enter, or press ? or * to list all spells.
Aiming: Vampiric Draining (dangerous; 12% risk of failure)
Press: ? - help, Shift-Dir - straight line, f/p - Pargi
Aim: Pargi (heavily wounded)
You draw life force from Pargi!
You feel life coursing into your body. Pargi bites you!
You die...
Kikubaaqudgha rasps: "You have failed me!
Welcome... oblivion!"

.####... #
#.#.#........#####
........ .
#.#...#.#......)..
........
#.##........#########
#####...
#>#....#.#.## # ..
#.<........# #
##....#.### #
###.....# #
##.#.#.### # #..T@#.#
# ##.###.# ####### #.
#.# ......# #># #..
#####.# #.# ### #.#
#.# ##### #.##### #.#
#...## #.....# #.#
#..... #.###.# #.#
#...##


You could see Pargi.

Vanquished Creatures
  Jessica (D:3)
  5 adders
  A dart slug (D:1)
  6 bats
  12 endoplasms
  8 giant cockroaches
  3 goblins
  5 hobgoblins
  4 jackals (D:2)
  A quokka (D:2)
  7 ball pythons
  3 frilled lizards
  7 kobolds
  3 rats
66 creatures vanquished.

Vanquished Creatures (collateral kills)
  A goblin (D:2)
1 creature vanquished.

Vanquished Creatures (others)
  5 toadstools (D:1)
5 creatures vanquished.

Grand Total: 72 creatures vanquished

Notes
Turn   | Place    | Note
-------+----------+-------------------------------------------
     0 | D:1      | oldriver the Ghoul Necromancer began the quest for the Orb.
     0 | D:1      | Reached XP level 1. HP: 14/14 MP: 2/2
   172 | D:1      | Reached XP level 2. HP: 19/22 MP: 0/4
   877 | D:1      | Reached XP level 3. HP: 27/27 MP: 0/5
   998 | D:1      | Reached skill level 1 in Fighting
  1290 | D:1      | Found a faded altar of an unknown god.
  2163 | D:2      | Reached XP level 4. HP: 16/35 MP: 0/6
  2394 | D:2      | Found a broken altar of Ashenzari.
  3121 | D:3      | Found an ancient bone altar of Kikubaaqudgha.
  3139 | D:3      | Became a worshipper of Kikubaaqudgha
  3270 | D:3      | Learned a level 3 spell: Vampiric Draining
  3491 | D:3      | Reached XP level 5. HP: 37/41 MP: 0/8
  3568 | D:3      | Noticed Jessica
  3577 | D:3      | Killed Jessica
  3643 | D:3      | Noticed Pargi
  3657 | D:3      | HP: 2/41 [Pargi (4)]
  3658 | D:3      | Slain by Pargi

Illustrated notes

Levels and vault maps discovered:
D:1:      ldierk_walled_garden, layout_basic, dilly_ecumenical_altar_fadedgnrine
D:2:      minmay_wonky_spiral, layout_rooms, basic_altar,
          small_statue_intersection, grunt_ministairs_7, kennysheep_path_1,
          kennysheep_potato
D:3:      layout_loops_ring, general_overflow_altar, kiku_gazebo_garden_becter,
          uniq_pargi, uniq_jessica

Skill      XL: |  1  2  3  4  5 |
---------------+----------------+-----
Spellcasting   | 2 3 |  3.0
Dodging        | 2 |  2.4
Fighting       | 1 |  1.8
Stealth        | 3 |  3.2
Necromancy     | |  4.4

Action                   |  1- 3 |  4- 6 || total
-------------------------+-------+-------++-------
Melee: Unarmed           |    63 |    12 ||    75
       Punch             |     1 |       ||     1
 Cast: Necrotize         |    82 |    58 ||   140
       Vampiric Draining |       |     1 ||     1
  Use: Potion            |       |     4 ||     4
Armor: Robe              |    19 |    10 ||    29
Dodge: Dodged            |    73 |    37 ||   110

Table legend: (Time is in decaauts)
 A = Elapsed time spent in this place.
 B = Non-inter-level travel time spent in this place.
 C = Inter-level travel time spent in this place.
 D = Time resting spent in this place.
 E = Time spent auto-exploring this place.
 F = Levels seen in this place.
 G = Mean time per level.
                   A        B        C        D        E       F      G
               +--------+--------+--------+--------+--------+-----+--------+
         Total |   3659 |   3629 |     30 |    468 |   2714 |   3 | 1219.7 |
       Dungeon |   3659 |   3629 |     30 |    468 |   2714 |   3 | 1219.7 |
               +--------+--------+--------+--------+--------+-----+--------+

Top non-repeatable levels by time:
     D:1: 1571 daAuts
     D:2: 1274 daAuts
     D:3: 813 daAuts
